 Dungeon Crawl Stone Soup version 0.29-a0-886-gfb1a3fa8b1 (webtiles) character file.

Game seed: 17615935314773612303

14 RepoMan the Vexing (level 2, 0/16 HPs)
             Began as a Deep Elf Arcane Marksman on July 21, 2022.
             Slain by a jackal (3 damage)
             ... on level 1 of the Dungeon.
             The game lasted 00:02:46 (485 turns).

RepoMan the Vexing (Deep Elf Arcane Marksman)        Turns: 485, Time: 00:02:47

Health: 0/16       AC:  2    Str:  7    XL:     2   Next: 27%
Magic:  5/6        EV: 12    Int: 17    God:
Gold:   26         SH:  0    Dex: 15    Spells: 3/4 levels left

rFire   . . .      SeeInvis .   y - +0 sling
rCold   . . .      Faith    .   (no shield)
rNeg    . . .      Spirit   .   c - +0 robe
rPois   .          Reflect  .   (no helmet)
rElec   .          Harm     .   (no cloak)
rCorr   .          Rampage  .   (no gloves)
Will    .....                   (no boots)
Stlth   +.........              (no amulet)
HPRegen 0.05/turn               (no ring)
MPRegen 0.10/turn               (no ring)

@: no status effects
A: no striking features
a: no special abilities


You were on level 1 of the Dungeon.
You visited 1 branch of the dungeon, and saw 1 of its levels.

You collected 26 gold pieces.

Inventory:

Hand Weapons
 y - a +0 sling (weapon)
Armour
 c - a +0 robe (worn)
Scrolls
 b - a scroll of vulnerability


   Skills:
 - Level 0.7 Fighting
 * Level 4.0 Ranged Weapons
 - Level 2.4 Dodging
 - Level 1.5 Spellcasting
 - Level 4.0 Hexes


You had 3 spell levels left.
You knew the following spells:

 Your Spells              Type           Power      Damage    Failure   Level
w - Slow                  Hex            56%        N/A       4%          1

Your spell library contained the following spells:

 Spells                   Type           Power      Damage    Failure   Level
 Inner Flame              Hex/Fire       8%         N/A       26%         3
 Portal Projectile        Hex/Tloc       16%        N/A       26%         3
 Cause Fear               Hex            7%         N/A       36%         4


Dungeon Overview and Level Annotations

Branches:
Dungeon (1/15)

Altars:


Message History

The sling bullet barely misses the jackal.
The jackal barely misses you.
Fire: y) +0 sling
Press: ? - help, Q - select action, (/) - cycle Shift-Dir - straight line, f/p - jackal
Aim: a jackal (slow, 50% to hit)
You shoot a sling bullet.
The sling bullet closely misses the jackal.
The jackal barely misses you. x2
Fire: y) +0 sling
Press: ? - help, Q - select action, (/) - cycle Shift-Dir - straight line, f/p - jackal
Aim: a jackal (slow, 50% to hit)
You shoot a sling bullet. The sling bullet hits the jackal.
The jackal is lightly wounded.
The jackal closely misses you.
Fire: y) +0 sling
Press: ? - help, Q - select action, (/) - cycle Shift-Dir - straight line, f/p - jackal
Aim: a jackal (lightly wounded, slow, 50% to hit)
You shoot a sling bullet. The sling bullet hits the jackal.
The jackal is heavily wounded.
The jackal misses you.
Fire: y) +0 sling
Press: ? - help, Q - select action, (/) - cycle Shift-Dir - straight line, f/p - jackal
Aim: a jackal (heavily wounded, slow, 50% to hit)
You shoot a sling bullet.
The sling bullet barely misses the jackal.
The jackal closely misses you.
Fire: y) +0 sling
Press: ? - help, Q - select action, (/) - cycle Shift-Dir - straight line, f/p - jackal
Aim: a jackal (heavily wounded, slow, 50% to hit)
You shoot a sling bullet.
The sling bullet closely misses the jackal.
The jackal is no longer moving slowly.
The jackal bites you.
* * * LOW HITPOINT WARNING * * *
Fire: y) +0 sling
Press: ? - help, Q - select action, (/) - cycle Shift-Dir - straight line, f/p - jackal
Aim: a jackal (heavily wounded, 50% to hit)
You shoot a sling bullet.
The sling bullet closely misses the jackal.
The jackal closely misses you. The jackal bites you.
You die...

#.# ##.###.........###### #.#
#..##.........#..... #†#
##.##.........#.#### #.#
#.##.........#.####
#.#####..#....l....#....#
#.....................###
##############.#.#.........##.#
...............#h#.####...###.#
##......######.#@#.# #....##.##
............)..#.#.#
#.........#
##......##..##.#.#.#
##........#
...............#.#.# #........#
####><##########.#.# #...####.#
#### #.#.# ##### .# #...# ##..#
#..###########


You could see a jackal.

Vanquished Creatures
  An endoplasm (D:1)
  A giant cockroach (D:1)
  A goblin (D:1)
  A hobgoblin (D:1)
  A jackal (D:1)
  2 kobolds (D:1)
  A ball python (D:1)
  A bat (D:1)
  A frilled lizard (D:1)
  4 rats (D:1)
14 creatures vanquished.

Notes
Turn   | Place    | Note
-------+----------+-------------------------------------------
     0 | D:1      | RepoMan the Deep Elf Arcane Marksman began the quest for
                  | the Orb.
     0 | D:1      | Reached XP level 1. HP: 11/11 MP: 5/5
   290 | D:1      | Found a faded altar of an unknown god.
   339 | D:1      | Reached XP level 2. HP: 16/16 MP: 6/6
   485 | D:1      | Slain by a jackal

Illustrated notes

Levels and vault maps discovered:
D:1:      dpeg_arrival_line_fractal, layout_basic, ebering_ecumenical_altar_hall

Skill      XL: |  1  2 |
---------------+-------+-----
Ranged Weapons | 3 4 |  4.0
Fighting       | |  0.7
Dodging        | |  2.4
Spellcasting   | |  1.5
Hexes          | |  4.0

Action                   || total
-------------------------++-------
 Fire: Sling             ||    58
 Cast: Slow              ||    10
Armor: Robe              ||     5
Dodge: Dodged            ||    23

Table legend: (Time is in decaauts)
 A = Elapsed time spent in this place.
 B = Non-inter-level travel time spent in this place.
 C = Inter-level travel time spent in this place.
 D = Time resting spent in this place.
 E = Time spent auto-exploring this place.
 F = Levels seen in this place.
 G = Mean time per level.
                   A        B        C        D        E       F      G
               +--------+--------+--------+--------+--------+-----+--------+
         Total |    498 |    498 |      0 |     96 |    192 |   1 |  498.0 |
       Dungeon |    498 |    498 |      0 |     96 |    192 |   1 |  498.0 |
               +--------+--------+--------+--------+--------+-----+--------+

Top non-repeatable levels by time:
     D:1: 498 daAuts
